 Dungeon Crawl Stone Soup version 0.19.4-8-ga85b6b9 (webtiles) character file.

41 NinoLikesCookies the Digger (level 3, -1/19 HPs)
             Began as a Gargoyle Earth Elementalist on Feb 15, 2017.
             Slain by a worker ant (4 damage)
             ... on level 2 of the Dungeon.
             The game lasted 00:14:38 (1079 turns).

NinoLikesCookies the Digger (GrEE)                  Turns: 1079, Time: 00:14:38

Health: -1/19      AC:  6    Str: 11    XL:     3   Next: 52%
Magic:  0/7        EV: 12    Int: 16    God:
Gold:   43         SH:  0    Dex: 10    Spells: 1 memorised, 6 levels left

rFire  . . .     SeeInvis .     g - +0 dagger
rCold  . . .     Gourm    .     c - +1 robe
rNeg   + . .     Faith    .     (no shield)
rPois  ∞         Spirit   .     (no helmet)
rElec  +         Reflect  .     (no cloak)
rCorr  .         Harm     .     (no gloves)
MR     .....     Rnd*Tele +     (no boots)
Stlth  ++........               (no amulet)
                                (no ring)
                                i - ring of teleportation (curse)

@: no status effects
A: negative energy resistance 1, electricity resistance, unbreathing,
petrification resistance, rot immunity, AC +3
a: no special abilities


You were on level 2 of the Dungeon.
You were not hungry.

You visited 1 branch of the dungeon, and saw 2 of its levels.

You collected 43 gold pieces.

Inventory:

Hand Weapons
 g - a +0 dagger (weapon)
Missiles
 f - 13 bolts (quivered)
 h - 5 stones
Armour
 c - a +1 robe (worn)
Jewellery
 i - a cursed ring of teleportation (left hand)
Books
 e - a book of Geomancy

   Spells                             Type                      Level
   a - Sandblast                      Earth                        1
   b - Passwall                       Transmutation/Earth          2
   c - Stone Arrow                    Conjuration/Earth            3
   d - Petrify                        Transmutation/Earth          4
   e - Lee's Rapid Deconstruction     Earth                        5
Comestibles
 a - a royal jelly
 d - 2 bread rations
 k - 3 chunks of flesh


   Skills:
 + Level 1.9 Dodging
 - Level 2.1 Stealth
 * Level 2.6 Spellcasting
   Level 0.7 Transmutations
 + Level 4.4 Earth Magic


You had 6 spell levels left.
You knew the following spells:

 Your Spells              Type           Power        Failure   Level  Hunger
a - Sandblast             Erth           ###...       3%          1    #......


Dungeon Overview and Level Annotations

Branches:
Dungeon (2/15)

Altars:

Annotations:
D:2 Ijyb


Innate Abilities, Weirdness & Mutations

You are resistant to torment.
Your stone body is resilient. (AC +3)
You are immune to poison.
You resist negative energy. (rN+)
You are resistant to electric shocks. (rElec)
You can survive without breathing.
You are immune to petrification.
You are immune to rotting.


Message History

The blast of sand hits the worker ant.
The worker ant is moderately wounded.
Ijyb hits you but does no damage. The worker ant completely misses you.
Casting: Sandblast
Confirm with . or Enter, or press ? or * to list all spells.
Aiming: Sandblast
Press: ? - help, Shift-Dir - straight line, f/p - worker ant
Aim: a worker ant (moderately wounded)
The blast of sand hits the worker ant.
The worker ant is heavily wounded.
Ijyb hits you but does no damage. The worker ant barely misses you.
You barely miss the worker ant.
The worker ant is heavily wounded.
The worker ant bites you.
* * * LOW HITPOINT WARNING * * *
Ijyb misses you.
You hit the worker ant but do no damage.
The worker ant is heavily wounded.
The worker ant bites you.
You die...

.. #.....# #.....
###..#.##### #
#..........# # #.#
##..........##..
##...###..............#
#......@...............
#......ga......<.......
....)...............###
.....................#
....([..###..........#
........# #.......##...
..#..##.#........... ..
..#.. ....#.......##. .
#. ..#####......


You could see Ijyb and a worker ant.

Vanquished Creatures
  A gnoll (D:1)
  An ooze (D:1)
  A leopard gecko (D:1)
  5 bats (D:1)
  2 giant cockroaches (D:1)
  3 goblins (D:1)
  3 hobgoblins (D:1)
  5 kobolds (D:1)
  A frilled lizard (D:1)
  3 rats (D:1)
25 creatures vanquished.

Notes
Turn   | Place    | Note
-------+----------+-------------------------------------------
     0 | D:1      | NinoLikesCookies the Gargoyle Earth Elementalist began the quest for the Orb.
     0 | D:1      | Reached XP level 1. HP: 10/10 MP: 3/3
   257 | D:1      | Reached skill level 4 in Earth Magic
   418 | D:1      | Reached XP level 2. HP: 15/15 MP: 3/5
   572 | D:1      | Reached XP level 3. HP: 17/19 MP: 1/6
  1028 | D:2      | Noticed Ijyb
  1079 | D:2      | Slain by a worker ant

Skill      XL: |  1 |
---------------+----+-----
Earth Magic    | 4 |  4.4
Dodging        | |  1.9
Stealth        | |  2.1
Spellcasting   | |  2.6
Transmutations | |  0.7

Action                   || total
-------------------------++-------
Melee: Dagger            ||    28
       Unarmed           ||     9
 Cast: Sandblast         ||    51
  Use: Scroll            ||     3
  Eat: Chunk             ||     1
Armor: Robe              ||    32
Dodge: Dodged            ||    41
